 Dungeon Crawl Stone Soup version 0.28.0-43-g3370ac3207 (webtiles) character file.

Game seed: 16448870917093977890

833 issech the Cudgeller (level 7, -5/68 HPs)
             Began as a Troll Monk on Mar 26, 2022.
             Slain by a vampire (12 damage)
             ... on level 6 of the Dungeon.
             The game lasted 00:13:54 (4343 turns).

issech the Cudgeller (Troll Monk)                   Turns: 4343, Time: 00:13:55

Health: -5/68      AC:  8    Str: 20    XL:     7   Next: 65%
Magic:  6/6        EV: 11    Int:  6    God:
Gold:   172        SH:  5    Dex: 14    Spells: 6/6 levels left

rFire   . . .      SeeInvis .   r - +0 flail
rCold   . . .      Faith    .   (no shield)
rNeg    . . .      Spirit   .   b - +0 robe
rPois   +          Reflect  +   (helmet restricted)
rElec   .          Harm     .   (no cloak)
rCorr   .          Rampage  .   (gloves unavailable)
Will    .....                   (boots unavailable)
Stlth   ++........              v - amulet of reflection
HPRegen 1.01/turn               c - ring of poison resistance
MPRegen 0.10/turn               B - +4 ring of protection

@: no status effects
A: large, unfitting armour, claws 3, regeneration 1, shaggy fur 1, tough skin 1
a: no special abilities


You were on level 6 of the Dungeon.
You visited 1 branch of the dungeon, and saw 6 of its levels.

You collected 172 gold pieces.

Inventory:

Hand Weapons
 a - a +0 mace
 r - a +0 flail (weapon)
 u - a +3 quarterstaff
Missiles
 d - 247 stones (quivered)
 j - 18 bolts
 k - 62 sling bullets
 w - 44 arrows
Armour
 b - a +0 robe (worn)
Jewellery
 c - a ring of poison resistance (left claw)
 v - an amulet of reflection (around neck)
 B - a +4 ring of protection (right claw)
Scrolls
 e - 5 scrolls of identify {unknown}
 i - 3 scrolls of magic mapping {unknown}
 l - 2 scrolls of teleportation {unknown}
 n - a scroll of enchant armour {unknown}
 o - 2 scrolls of holy word {unknown}
 p - a scroll of vulnerability {unknown}
 q - 2 scrolls of immolation {unknown}
 t - a scroll of enchant weapon {unknown}
 y - a scroll of amnesia {unknown}
Potions
 f - a potion of might {unknown}
 g - a potion of berserk rage {unknown}
 h - a potion of invisibility {unknown}
 m - a potion of ambrosia {unknown}
 s - 2 potions of attraction {unknown}
 x - a potion of resistance {unknown}
 z - a potion of heal wounds {unknown}
 A - a potion of cancellation {unknown}
 C - a potion of curing {unknown}
 D - a potion of brilliance {unknown}


   Skills:
 + Level 3.9 Fighting
 + Level 6.3 Maces & Flails
 + Level 4.2 Dodging
 + Level 1.3 Stealth
 + Level 0.6 Shields


You had 6 spell levels left.
You didn't know any spells.
Your spell library contained the following spells:

 Spells                   Type           Power      Damage    Failure   Level
 Sandblast                Erth           0%         2d4       45%         1
 Slow                     Hex            0%         N/A       45%         1
 Ensorcelled Hibernation  Hex/Ice        0%         N/A       58%         2
 Passwall                 Tmut/Erth      0%         N/A       58%         2
 Confusing Touch          Hex            0%         N/A       83%         3
 Frozen Ramparts          Ice            0%         1d2       83%         3
 Gell's Gravitas          Tloc           0%         N/A       83%         3
 Lesser Beckoning         Tloc           0%         N/A       83%         3
 Stone Arrow              Conj/Erth      0%         3d7       83%         3
 Swiftness                Air            0%         N/A       83%         3
 Teleport Other           Tloc           0%         N/A       83%         3
 Vampiric Draining        Necr           0%         2d6       83%         3
 Animate Armour           Summ/Erth      0%         N/A       99%         4
 Ice Form                 Ice/Tmut       0%         N/A       99%         4
 Summon Ice Beast         Ice/Summ       0%         N/A       99%         4
 Lehudib's Crystal Spear  Conj/Erth      0%         10d2      100%        8


Dungeon Overview and Level Annotations

Branches:
Dungeon (6/15)
 Temple: D:4-7

Altars:
Cheibriados
Dithmenos
Trog
Vehumet
Zin

Shops:
D:4 (


Innate Abilities, Weirdness & Mutations

You are too large for most types of armour.
You have claws for hands.
Your natural rate of healing is unusually fast.
You are covered in fur. (AC +1)
You have tough skin. (AC +1)


Message History

The vampire mumbles some strange words.
The vampire flickers and vanishes!
Deactivating autopickup; reactivate with Ctrl-A.
You hit something. Something hits you but does no damage.
Something bites you but does no damage.
You closely miss something. Something hits you! Something bites you.
Something draws strength from your injuries!
Something hits you but does no damage. Something bites you.
Something draws strength from your injuries!
Found an amethyst potion.
You hear some strange, mumbled words.
You are confused.
Something hits you. Something bites you but does no damage.
You bump into the rock wall.
You hear some strange, mumbled words.
You are more confused.
You hear some strange, mumbled words.
Something tries to affect you, but you resist.
You bump into the rock wall.
You hear some strange, mumbled words.
You are more confused.
You're too confused to move!
You bump into the rock wall.
Something hits you! Something bites you.
Something draws strength from your injuries!
You completely miss something. Something hits you! Something bites you!
* * * LOW HITPOINT WARNING * * *
Something draws strength from your injuries!
You hit something but do no damage. Something hits you.
* * * LOW HITPOINT WARNING * * *
Something bites you.
* * * LOW HITPOINT WARNING * * *
Something draws strength from your injuries!
You bump into the rock wall.
Something hits you but does no damage. Something bites you!
* * * LOW HITPOINT WARNING * * *
Something draws strength from your injuries!
You bump into the rock wall.
You feel less confused. Something hits you!
You die...

### #.# #. ... ## #### #..
#######.####.#########..#
.... .... .... .........#...#
#..###.###.# #..# #...#....
##..........####..###........
............@.............#..
.........##.##.#..###........
#...........................
#..###..##.##.<..##......##.
#..###..##.##....##......##.
#..!........................
#..###..##.##....##......##.
# #......................
.....................##.


There were no monsters in sight!

Vanquished Creatures
  A black bear (D:5)
  An ice beast (D:5)
  An orc warrior (D:5)
  A phantom (D:5)
  A scorpion (D:4)
  A water moccasin skeleton (D:5)
  A centaur zombie (D:5)
  4 jellies (D:5)
  2 iguanas
  A killer bee zombie (D:6)
  3 gnolls (D:3)
  4 adders (D:3)
  A shadow imp (D:6)
  3 dart slugs
  An orc (D:5)
  7 endoplasms
  6 giant cockroaches
  11 goblins
  8 hobgoblins
  5 quokkas
  6 ball pythons
  7 bats
  5 frilled lizards
  10 kobolds
  5 rats
96 creatures vanquished.

Notes
Turn   | Place    | Note
-------+----------+-------------------------------------------
     0 | D:1      | issech the Troll Monk began the quest for the Orb.
     0 | D:1      | Reached XP level 1. HP: 22/22 MP: 0/0
   192 | D:1      | Reached XP level 2. HP: 29/29 MP: 1/1
   241 | D:1      | Reached skill level 3 in Maces & Flails
   472 | D:1      | Reached XP level 3. HP: 36/36 MP: 2/2
   979 | D:2      | Found a faded altar of an unknown god.
  1854 | D:3      | You fall into a shaft and drop 1 floor!
  1935 | D:4      | Reached XP level 4. HP: 44/44 MP: 3/3
  2006 | D:4      | Noticed a scorpion
  2022 | D:4      | Killed a scorpion
  2023 | D:4      | Reached skill level 4 in Maces & Flails
  2202 | D:3      | Reached XP level 5. HP: 33/53 MP: 4/4
  2983 | D:4      | Found Ufadghu's Weapon Shop.
  3055 | D:4      | Found a glowing silver altar of Zin.
  3130 | D:4      | Found a bloodstained altar of Trog.
  3242 | D:5      | Entered Level 5 of the Dungeon
  3314 | D:5      | Found a shadowy altar of Dithmenos.
  3364 | D:5      | Reached XP level 6. HP: 29/61 MP: 5/5
  3418 | D:5      | Found a radiant altar of Vehumet.
  3537 | D:5      | Noticed an ice beast
  3565 | D:5      | Killed an ice beast
  3566 | D:5      | Reached skill level 5 in Maces & Flails
  3682 | D:5      | Found a snail-covered altar of Cheibriados.
  3746 | D:5      | Noticed an orc warrior
  3766 | D:5      | Killed an orc warrior
  3864 | D:5      | Reached XP level 7. HP: 53/68 MP: 6/6
  4004 | D:5      | Reached skill level 6 in Maces & Flails
  4268 | D:6      | Noticed a vampire
  4343 | D:6      | Slain by a vampire

Illustrated notes

Levels and vault maps discovered:
D:1:      matt_arrival_grand_opening, layout_loops_ring
D:2:      layout_loops_corners, ebering_ecumenical_altar_mist,
          kennysheep_generic_room_11
D:3:      layout_loops_ring, kennysheep_flooded_box
D:4:      kennysheep_the_goblin_king, layout_basic, trog_book, kennysheep_mini,
          serial_shops, nicolae_shop_bloodbath_and_beyond
D:5:      minmay_razor_zed, layout_cave_pools, mainiacjoe_overflow_paths,
          mainiacjoe_overflow_catwalk_spiral, minmay_misc_feat_secret_circle
D:6:      layout_basic, lemuel_tele_altar, mainiacjoe_overflow_tiny_flanked,
          minmay_temple_entry_purple_smoke, hangedman_glass_teeth,
          chequers_serial_rivers_large_b, st_stairs_10, minmay_bent,
          uniq_sigmund

Skill      XL: |  1  2  3  4  5  6  7 |
---------------+----------------------+-----
Maces & Flails | 3 4 5 6 |  6.3
Dodging        | 3 4 |  4.2
Fighting       | 3 |  3.9
Stealth        | |  1.3
Shields        | |  0.6

Action                   |  1- 3 |  4- 6 |  7- 9 || total
-------------------------+-------+-------+-------++-------
Melee: Mace              |   138 |    38 |       ||   176
       Punch             |     5 |       |     1 ||     6
       Flail             |       |   134 |    62 ||   196
Throw: Stone             |       |       |     1 ||     1
 Stab: Sleeping          |     1 |       |       ||     1
Armor: Robe              |    67 |    45 |    23 ||   135
Dodge: Dodged            |   111 |   106 |    30 ||   247
Block: Other             |       |    10 |    12 ||    22
